NCAA
OREGON DUCKS @ USC TROJANS
02/10/2060
 
TOP OF THE 1ST
Oregon Ducks batting - Pitching for USC Trojans : RHP Charlie Cruz
Pitching: RHP Charlie Cruz
Batting: RHB Kevin Williamson 0-0: Ball
1-0: Fly out, F7 (Flyball, 7, EV 83.1 MPH)
Batting: RHB Kearney Gallegos 0-0: Ball
1-0: SINGLE (Groundball, 6MS, EV 69.4 MPH) (infield hit)
Batting: RHB Blake Bateman 0-0: Ball
Kearney Gallegos steals 2nd, throwing error, E2
Kearney Gallegos to third
1-0: Called Strike
1-1: Ball
2-1: Fly out, F8 (Flyball, 78S, EV 95.6 MPH)
Batting: LHB Blake Huber 0-0: Called Strike
0-1: Foul Ball, location: 2F
0-2: Ball
1-2: 2-RUN HOME RUN (Flyball, 9LD, EV 95.0 MPH), Distance : 349 ft
Batting: RHB Mitch Kilpatrick 0-0: Ball
1-0: Ball
2-0: Ball
3-0: Called Strike
3-1: Base on Balls
Batting: SHB P.J. Morlock 0-0: Ball
1-0: Ground out 4-3 (Groundball, 34, EV 101.2 MPH)
Top of the 1st over - 2 runs, 2 hits, 1 error, 1 left on base; Oregon 2 - USC 0
BOTTOM OF THE 1ST
USC Trojans batting - Pitching for Oregon Ducks : RHP Colton Gantenbein
Pitching: RHP Colton Gantenbein
Batting: RHB Devan Oakley 0-0: Foul Ball, location: 2F
0-1: Foul Ball, location: 2F
0-2: Ball
1-2: Ball
2-2: Ball
3-2: Fly out, F9 (Line Drive, 89M, EV 97.5 MPH)
Batting: LHB Nathaniel Lockman 0-0: Foul Ball, location: 2F
0-1: Fly out, F8 (Line Drive, 8RM, EV 95.6 MPH)
Batting: RHB Levi Lane 0-0: Ball
1-0: Ball
2-0: Ball
3-0: Base on Balls
Batting: SHB Nathaniel Hirsch 0-0: SINGLE (Groundball, 5S, EV 61.9 MPH) (infield hit)
Levi Lane to second
Batting: RHB Brock Black 0-0: Called Strike
0-1: Fly out, F8 (Flyball, 8RXD, EV 100.6 MPH)
Bottom of the 1st over - 0 runs, 1 hit, 0 errors, 2 left on base; Oregon 2 - USC 0
TOP OF THE 2ND
Oregon Ducks batting - Pitching for USC Trojans : RHP Charlie Cruz
Batting: RHB Dave Richardson 0-0: Foul Ball, location: 2F
0-1: Ball
1-1: Ball
2-1: Ball
3-1: Fly out, F5 (Popup, 5SF, EV 76.2 MPH)
Batting: RHB Devin Boyet 0-0: Foul Ball, location: 2F
0-1: Ball
1-1: Swinging Strike
1-2: Foul Ball, location: 2F
1-2: Ball
2-2: Ball
3-2: SINGLE (Line Drive, 6MD, EV 96.9 MPH)
Batting: RHB Timmy Jerabek 0-0: Called Strike
0-1: Called Strike
Devin Boyet steals 2nd base (no throw)
0-2: Ground out 4-3 (Groundball, 4, EV 100.0 MPH)
Devin Boyet to third
Batting: RHB Kevin Williamson 0-0: Called Strike
0-1: Fly out, F9 (Flyball, 9, EV 93.1 MPH)
Top of the 2nd over - 0 runs, 1 hit, 0 errors, 1 left on base; Oregon 2 - USC 0
BOTTOM OF THE 2ND
USC Trojans batting - Pitching for Oregon Ducks : RHP Colton Gantenbein
Batting: LHB Simon Preston 0-0: Swinging Strike
0-1: Ball
1-1: Ball
2-1: Ground out U3 (Groundball, 3, EV 87.5 MPH)
Batting: RHB Micah Decker 0-0: Ball
1-0: Foul Ball, location: 2F
1-1: Called Strike
1-2: SINGLE (Line Drive, 78S, EV 106.9 MPH)
Batting: LHB Levi McMillan 0-0: Ball
1-0: Fly out, F8 (Flyball, 8RD, EV 100.0 MPH)
Batting: SHB Markel Edwards 0-0: Ball
1-0: Ball
2-0: Ball
3-0: Called Strike
3-1: Base on Balls
Micah Decker to second
Batting: RHB Devan Oakley 0-0: Ball
1-0: Ball
2-0: Fielders Choice at 2nd, 6-4 (Groundball, 6, EV 103.8 MPH)
Bottom of the 2nd over - 0 runs, 1 hit, 0 errors, 2 left on base; Oregon 2 - USC 0
TOP OF THE 3RD
Oregon Ducks batting - Pitching for USC Trojans : RHP Charlie Cruz
Batting: RHB Kearney Gallegos 0-0: Ball
1-0: Called Strike
1-1: Foul Ball, location: 2F
1-2: Strikes out swinging
Batting: RHB Blake Bateman 0-0: Ball
1-0: Ball
2-0: Swinging Strike
2-1: Called Strike
2-2: Foul Ball, location: 2F
2-2: Ball
3-2: Base on Balls
Batting: LHB Blake Huber 0-0: Foul Ball, location: 2F
0-1: SINGLE (Groundball, 34D, EV 98.1 MPH)
Blake Bateman to second
Runner from 2nd tries for 3rd, SAFE, throw by RF made to third
Batting: RHB Mitch Kilpatrick 0-0: Ball
1-0: Ball
2-0: Ball
3-0: Base on Balls
Blake Huber to second
Batting: SHB P.J. Morlock 0-0: Ball
1-0: Ball
2-0: Ball
3-0: Called Strike
3-1: Base on Balls
Blake Bateman scores
Blake Huber to third
Mitch Kilpatrick to second
Batting: RHB Dave Richardson 0-0: Swinging Strike
0-1: Called Strike
0-2: Fielders Choice at 2nd, 6-4 (Groundball, 6, EV 79.4 MPH)
Blake Huber scores
Mitch Kilpatrick to third
Batting: RHB Devin Boyet 0-0: Called Strike
0-1: Fly out, F9 (Line Drive, 9LM, EV 95.6 MPH)
Top of the 3rd over - 2 runs, 1 hit, 0 errors, 2 left on base; Oregon 4 - USC 0
BOTTOM OF THE 3RD
USC Trojans batting - Pitching for Oregon Ducks : RHP Colton Gantenbein
Batting: LHB Nathaniel Lockman 0-0: Swinging Strike
0-1: Fly out, F8 (Flyball, 8LD, EV 80.0 MPH)
Batting: RHB Levi Lane 0-0: Called Strike
0-1: SINGLE (Flyball, 56D, EV 95.0 MPH)
Batting: SHB Nathaniel Hirsch 0-0: Ball
1-0: Ball
2-0: Called Strike
Levi Lane is caught stealing 2nd base 2-6
2-1: Foul Ball, location: 2F
2-2: Ground out 3-1 (Groundball, 34S, EV 91.2 MPH)
Bottom of the 3rd over - 0 runs, 1 hit, 0 errors, 0 left on base; Oregon 4 - USC 0
TOP OF THE 4TH
Oregon Ducks batting - Pitching for USC Trojans : RHP Charlie Cruz
Batting: RHB Timmy Jerabek 0-0: Ball
1-0: Ball
2-0: Ball
3-0: Called Strike
3-1: Swinging Strike
3-2: Base on Balls
Batting: RHB Kevin Williamson 0-0: Ball
1-0: Ball
2-0: Called Strike
2-1: Ball
3-1: Swinging Strike
3-2: Base on Balls
Timmy Jerabek to second
Batting: RHB Kearney Gallegos 0-0: Fielders Choice at 2nd, 4-6 (Groundball, 4, EV 107.5 MPH)
Timmy Jerabek to third
Batting: RHB Blake Bateman 0-0: Ball
1-0: Foul Ball, location: 2F
1-1: Ball
2-1: Ball
3-1: Foul Ball, location: 2F
3-2: Fly out, F7 (Flyball, 78S, EV 90.6 MPH)
Batting: LHB Blake Huber 0-0: Ball
Kearney Gallegos steals 2nd base
1-0: Foul Ball, location: 2F
1-1: Swinging Strike
1-2: Foul Ball, location: 2F
1-2: Strikes out swinging
Top of the 4th over - 0 runs, 0 hits, 0 errors, 2 left on base; Oregon 4 - USC 0
BOTTOM OF THE 4TH
USC Trojans batting - Pitching for Oregon Ducks : RHP Colton Gantenbein
Batting: RHB Brock Black 0-0: Called Strike
0-1: Called Strike
0-2: Ball
1-2: Ball
2-2: SINGLE (Line Drive, 8RS, EV 91.9 MPH)
Batting: LHB Simon Preston 0-0: DOUBLE (Line Drive, 78M, EV 108.8 MPH)
Brock Black to third
Batting: RHB Micah Decker 0-0: Ground out 6-3 (Groundball, 56, EV 110.6 MPH)
Brock Black scores
Batting: LHB Levi McMillan 0-0: Ball
1-0: Ball
2-0: Ball
3-0: Called Strike
3-1: Base on Balls
Batting: SHB Markel Edwards 0-0: Ball
1-0: Ball
2-0: Ball
3-0: Base on Balls
Simon Preston to third
Levi McMillan to second
Batting: RHB Devan Oakley 0-0: Called Strike
0-1: Ball
1-1: Ball
2-1: Ball
3-1: Base on Balls
Simon Preston scores
Levi McMillan to third
Markel Edwards to second
Batting: LHB Nathaniel Lockman 0-0: Ball
1-0: Ball
2-0: Fly out, F8 (Flyball, 89M, EV 87.5 MPH)
Runner from 3rd tags up, SCORES, throw by CF
Batting: RHB Levi Lane 0-0: Swinging Strike
0-1: Fly out, F4 (Popup, 4MD, EV 59.4 MPH)
Bottom of the 4th over - 3 runs, 2 hits, 0 errors, 2 left on base; Oregon 4 - USC 3
TOP OF THE 5TH
Oregon Ducks batting - Pitching for USC Trojans : RHP Charlie Cruz
Pitching: LHP Brennan Zuniga
Batting: RHB Mitch Kilpatrick 0-0: Ball
1-0: Called Strike
1-1: Ball
2-1: Called Strike
2-2: Strikes out looking
Batting: SHB P.J. Morlock 0-0: Ball
1-0: Called Strike
1-1: Called Strike
1-2: Ball
2-2: Fly out, F8 (Line Drive, 8RD, EV 91.2 MPH)
Batting: RHB Dave Richardson 0-0: Ball
1-0: Ball
2-0: Called Strike
2-1: Ball
3-1: Base on Balls
Batting: RHB Devin Boyet 0-0: Reached on error, E6 (Groundball, 6, EV 86.2 MPH)
Dave Richardson to second
Batting: RHB Timmy Jerabek 0-0: Ball
1-0: Foul Ball, location: 2F
1-1: Ball
2-1: Foul Ball, location: 2F
2-2: Ball
3-2: Strikes out looking
Top of the 5th over - 0 runs, 0 hits, 1 error, 2 left on base; Oregon 4 - USC 3
BOTTOM OF THE 5TH
USC Trojans batting - Pitching for Oregon Ducks : RHP Colton Gantenbein
Batting: SHB Nathaniel Hirsch 0-0: Ball
1-0: Ball
2-0: Ball
3-0: Base on Balls
Batting: RHB Brock Black 0-0: Ball
1-0: Called Strike
1-1: Fly out, F9 (Flyball, 9, EV 91.2 MPH)
Batting: LHB Simon Preston 0-0: DOUBLE (Flyball, 7LD, EV 111.2 MPH)
Nathaniel Hirsch to third
Batting: RHB Micah Decker 0-0: Ball
1-0: Ball
2-0: Called Strike
2-1: DOUBLE (Groundball, 5L, EV 105.0 MPH)
Nathaniel Hirsch scores
Simon Preston scores
Pitching: RHP Chandler Way
Batting: LHB Levi McMillan 0-0: Fly out, F8 (Flyball, 8RM, EV 93.1 MPH)
Batting: SHB Markel Edwards 0-0: Called Strike
0-1: Swinging Strike
0-2: Foul Ball, location: 2F
0-2: Foul Ball, location: 2F
0-2: Ball
1-2: Foul Ball, location: 2F
1-2: Strikes out swinging
Bottom of the 5th over - 2 runs, 2 hits, 0 errors, 1 left on base; Oregon 4 - USC 5
TOP OF THE 6TH
Oregon Ducks batting - Pitching for USC Trojans : LHP Brennan Zuniga
Batting: RHB Kevin Williamson 0-0: Called Strike
0-1: Fly out, F9 (Line Drive, 9, EV 100.6 MPH)
Batting: RHB Kearney Gallegos 0-0: Foul Ball, location: 2F
0-1: Swinging Strike
0-2: Ground out 5-3 (Groundball, 56S, EV 89.4 MPH)
Batting: RHB Blake Bateman 0-0: Called Strike
0-1: Ball
1-1: Ball
2-1: Ball
3-1: Base on Balls
Batting: LHB Blake Huber 0-0: Called Strike
0-1: Ball
1-1: Foul Ball, location: 2F
1-2: DOUBLE (Line Drive, 7LM, EV 103.1 MPH)
Blake Bateman to third
Runner from 3rd tries for Home, SAFE, no throw by LF
Batting: RHB Mitch Kilpatrick 0-0: Foul Ball, location: 2F
0-1: Foul Ball, location: 2F
0-2: Foul Ball, location: 2F
0-2: Strikes out swinging
Top of the 6th over - 1 run, 1 hit, 0 errors, 1 left on base; Oregon 5 - USC 5
BOTTOM OF THE 6TH
USC Trojans batting - Pitching for Oregon Ducks : RHP Chandler Way
Batting: RHB Devan Oakley 0-0: Called Strike
0-1: Ball
1-1: Swinging Strike
1-2: Ball
2-2: Foul Ball, location: 2F
2-2: Ball
3-2: SINGLE (Flyball, 78S, EV 81.9 MPH)
Batting: LHB Nathaniel Lockman 0-0: Ball
1-0: Ball
2-0: Ball
3-0: Called Strike
3-1: Base on Balls
Devan Oakley to second
Batting: RHB Levi Lane 0-0: Ball
1-0: Ball
2-0: Foul Ball, location: 2F
2-1: Ball
3-1: Base on Balls
Devan Oakley to third
Nathaniel Lockman to second
Batting: SHB Nathaniel Hirsch 0-0: Called Strike
0-1: SINGLE (Groundball, 56, EV 100.0 MPH)
Devan Oakley scores
Nathaniel Lockman to third
Levi Lane to second
Runner from 3rd tries for Home, SAFE, throw by LF to home
Batting: RHB Brock Black 0-0: Ball
1-0: Ball
2-0: Called Strike
2-1: Foul Ball, location: 2F
2-2: Ball
3-2: Base on Balls
Levi Lane to third
Nathaniel Hirsch to second
Batting: LHB Simon Preston 0-0: Called Strike
0-1: Swinging Strike
0-2: Ball
1-2: Strikes out looking
Batting: RHB Micah Decker 0-0: Called Strike
0-1: Ball
1-1: Foul Ball, location: 2F
1-2: Grounds into fielders choice 6-2 (Groundball, 6MS, EV 85.6 MPH)
Nathaniel Hirsch to third
Brock Black to second
Pitching: RHP C.J. Thompson
Batting: LHB Levi McMillan 0-0: Fly out, F7 (Flyball, 7D, EV 92.5 MPH)
Bottom of the 6th over - 2 runs, 2 hits, 0 errors, 3 left on base; Oregon 5 - USC 7
TOP OF THE 7TH
Oregon Ducks batting - Pitching for USC Trojans : LHP Brennan Zuniga
Batting: SHB P.J. Morlock 0-0: Ball
1-0: Called Strike
1-1: Ball
2-1: Ball
3-1: Fly out, F9 (Line Drive, 9S, EV 96.2 MPH)
Batting: RHB Dave Richardson 0-0: Fly out, F4 (Popup, 34S, EV 74.4 MPH)
Batting: RHB Devin Boyet 0-0: Ball
1-0: Ground out 6-3 (Groundball, 6, EV 84.4 MPH)
Top of the 7th over - 0 runs, 0 hits, 0 errors, 0 left on base; Oregon 5 - USC 7
BOTTOM OF THE 7TH
USC Trojans batting - Pitching for Oregon Ducks : RHP C.J. Thompson
Batting: SHB Markel Edwards 0-0: Called Strike
0-1: Foul Ball, location: 2F
0-2: Foul Ball, location: 2F
0-2: SINGLE (Groundball, 6MD, EV 98.1 MPH)
Batting: RHB Devan Oakley 0-0: Sac Bunt to 15S - play at second, runner OUT! 1-6
Batting: LHB Nathaniel Lockman 0-0: Ball
1-0: Ball
2-0: Fielders Choice at 2nd, 6-4 (Groundball, 6, EV 82.5 MPH)
Batting: RHB Levi Lane 0-0: Called Strike
Nathaniel Lockman steals 2nd base
0-1: Ball
1-1: Ball
2-1: Foul Ball, location: 2F
2-2: Ball
3-2: Base on Balls
Batting: SHB Nathaniel Hirsch 0-0: Ball
1-0: Ball
2-0: Ball
3-0: Base on Balls
Nathaniel Lockman to third
Levi Lane to second
Batting: RHB Brock Black 0-0: Ball
1-0: Ball
2-0: Ground out 4-3 (Groundball, 4S, EV 75.6 MPH)
Bottom of the 7th over - 0 runs, 1 hit, 0 errors, 3 left on base; Oregon 5 - USC 7
TOP OF THE 8TH
Oregon Ducks batting - Pitching for USC Trojans : LHP Brennan Zuniga
Batting: RHB Timmy Jerabek 0-0: Ball
1-0: Ball
2-0: DOUBLE (Line Drive, 89M, EV 106.9 MPH)
Pitching: RHP James Parsons
Batting: RHB Kevin Williamson 0-0: Ball
1-0: Fly out, F9 (Flyball, 9S, EV 85.6 MPH)
Batting: RHB Kearney Gallegos 0-0: Called Strike
0-1: Ball
1-1: Ball
2-1: Called Strike
2-2: Strikes out swinging
Batting: RHB Blake Bateman 0-0: Foul Ball, location: 2F
0-1: Ball
1-1: Swinging Strike
1-2: Strikes out swinging
Top of the 8th over - 0 runs, 1 hit, 0 errors, 1 left on base; Oregon 5 - USC 7
BOTTOM OF THE 8TH
USC Trojans batting - Pitching for Oregon Ducks : RHP C.J. Thompson
Pitching: LHP Billy McBride
Batting: LHB Simon Preston 0-0: Ball
1-0: Swinging Strike
1-1: Ball
2-1: Foul Ball, location: 2F
2-2: Ground out 4-3 (Groundball, 4, EV 96.9 MPH)
Pitching: RHP Devon Anderson
Batting: RHB Micah Decker 0-0: Called Strike
0-1: Foul Ball, location: 2F
0-2: Ball
1-2: Foul Ball, location: 2F
1-2: Strikes out looking
Pitching: LHP Walker Riel
Batting: LHB Levi McMillan 0-0: Ball
1-0: Ball
2-0: Called Strike
2-1: Fly out, F7 (Flyball, 7LS, EV 82.5 MPH)
Bottom of the 8th over - 0 runs, 0 hits, 0 errors, 0 left on base; Oregon 5 - USC 7
TOP OF THE 9TH
Oregon Ducks batting - Pitching for USC Trojans : RHP James Parsons
Pitching: RHP Brendan Kelly
Batting: LHB Blake Huber 0-0: Ball
1-0: DOUBLE (Line Drive, 9LS, EV 95.0 MPH)
Batting: RHB Mitch Kilpatrick 0-0: Called Strike
0-1: Ball
1-1: 2-RUN HOME RUN (Flyball, 7D, EV 96.9 MPH), Distance : 362 ft
Batting: SHB P.J. Morlock 0-0: Fly out, F8 (Flyball, 8RD, EV 95.6 MPH)
Pinch Hitting: RHB Harley Fisher 0-0: Ball
1-0: Foul Ball, location: 2F
1-1: Ball
2-1: Ground out 6-3 (Groundball, 6M, EV 104.4 MPH)
Batting: RHB Devin Boyet 0-0: SINGLE (Groundball, 56, EV 108.1 MPH)
Batting: RHB Timmy Jerabek 0-0: Ball
Devin Boyet steals 2nd base (no throw)
1-0: Ball
2-0: Ground out 6-3 (Groundball, 6, EV 103.8 MPH)
Top of the 9th over - 2 runs, 3 hits, 0 errors, 1 left on base; Oregon 7 - USC 7
BOTTOM OF THE 9TH
USC Trojans batting - Pitching for Oregon Ducks : LHP Walker Riel
Now at C: Jonathan Nicholson
Batting: SHB Markel Edwards 0-0: Ball
1-0: SINGLE (Groundball, 6MS, EV 72.5 MPH) (infield hit)
Batting: RHB Devan Oakley 0-0: Bunted foul
0-1: Sac Bunt to 2L - play at first, batter OUT! 2-3
Markel Edwards to second
Batting: LHB Nathaniel Lockman 0-0: SINGLE (Groundball, 4MD, EV 104.4 MPH)
Markel Edwards to third
Runner from 3rd tries for Home, throw by CF and OUT! 8-2
Nathaniel Lockman to second
Batting: RHB Levi Lane 0-0: Intentional Walk
Batting: SHB Nathaniel Hirsch 0-0: SINGLE (Groundball, 56S, EV 65.6 MPH) (infield hit)
Nathaniel Lockman to third
Levi Lane to second
Batting: RHB Brock Black 0-0: Swinging Strike
0-1: Foul Ball, location: 2F
0-2: Strikes out swinging
Bottom of the 9th over - 0 runs, 3 hits, 0 errors, 3 left on base; Oregon 7 - USC 7
TOP OF THE 10TH
Oregon Ducks batting - Pitching for USC Trojans : RHP Brendan Kelly
Pitching: RHP Brad Bell
Batting: RHB Kevin Williamson 0-0: Called Strike
0-1: Ball
1-1: Fly out, F9 (Line Drive, 89M, EV 86.2 MPH)
Pitching: RHP Alexis Goettsch
Batting: RHB Kearney Gallegos 0-0: Foul Ball, location: 2F
0-1: Ball
1-1: Ball
2-1: Ball
3-1: Ground out 6-3 (Groundball, 6, EV 87.5 MPH)
Batting: RHB Blake Bateman 0-0: Called Strike
0-1: Fly out, F9 (Flyball, 8RS, EV 93.1 MPH)
Top of the 10th over - 0 runs, 0 hits, 0 errors, 0 left on base; Oregon 7 - USC 7
BOTTOM OF THE 10TH
USC Trojans batting - Pitching for Oregon Ducks : LHP Walker Riel
Pitching: RHP Bradley Mowrey
Batting: LHB Simon Preston 0-0: Ball
1-0: Called Strike
1-1: Ball
2-1: Foul Ball, location: 2F
2-2: DOUBLE (Flyball, 8LXD, EV 106.9 MPH)
Batting: RHB Micah Decker 0-0: Intentional Walk
Batting: LHB Levi McMillan 0-0: Foul Ball, location: 2F
0-1: Ball
1-1: Ball
2-1: Fly out, F8 (Flyball, 8LD, EV 96.9 MPH)
Batting: SHB Markel Edwards 0-0: Called Strike
0-1: Ball
1-1: Called Strike
1-2: Foul Ball, location: 2F
1-2: Strikes out swinging
Batting: RHB Devan Oakley 0-0: Ball
1-0: Foul Ball, location: 2F
1-1: Fly out, F5 (Line Drive, 5L, EV 67.5 MPH)
Bottom of the 10th over - 0 runs, 1 hit, 0 errors, 2 left on base; Oregon 7 - USC 7
TOP OF THE 11TH
Oregon Ducks batting - Pitching for USC Trojans : RHP Alexis Goettsch
Pitching: RHP Collin Provo
Batting: LHB Blake Huber 0-0: SINGLE (Line Drive, 4D, EV 100.6 MPH)
Batting: RHB Mitch Kilpatrick 0-0: Ball
1-0: Ball
2-0: Ball
3-0: Called Strike
3-1: Foul Ball, location: 2F
3-2: Fly out, F9 (Flyball, 89S, EV 84.4 MPH)
Batting: SHB P.J. Morlock 0-0: Called Strike
0-1: Foul Ball, location: 2F
0-2: Ball
1-2: Ball
2-2: Foul Ball, location: 2F
2-2: Ball
3-2: Foul Ball, location: 2F
3-2: Grounds into double play, 1-4-3 (Groundball, 15S, EV 66.9 MPH)
Top of the 11th over - 0 runs, 1 hit, 0 errors, 0 left on base; Oregon 7 - USC 7
BOTTOM OF THE 11TH
USC Trojans batting - Pitching for Oregon Ducks : RHP Bradley Mowrey
Batting: LHB Nathaniel Lockman 0-0: Ball
1-0: Swinging Strike
1-1: Swinging Strike
1-2: Strikes out swinging
Batting: RHB Levi Lane 0-0: Ball
1-0: Ball
2-0: Ball
3-0: Called Strike
3-1: Swinging Strike
3-2: Strikes out looking
Batting: SHB Nathaniel Hirsch 0-0: Ball
1-0: Fly out, F8 (Flyball, 8RD, EV 100.0 MPH)
Bottom of the 11th over - 0 runs, 0 hits, 0 errors, 0 left on base; Oregon 7 - USC 7
TOP OF THE 12TH
Oregon Ducks batting - Pitching for USC Trojans : RHP Collin Provo
Pinch Hitting: RHB Kenzie Taylor 0-0: Ball
1-0: Foul Ball, location: 2F
1-1: SINGLE (Groundball, 56D, EV 95.0 MPH)
Pitching: RHP Eli Neufeld
Batting: RHB Devin Boyet 0-0: Sac Bunt to 13 - play at second, runner OUT! 1-6
Batting: RHB Timmy Jerabek 0-0: Called Strike
0-1: Called Strike
0-2: Ball
1-2: SINGLE (Groundball, 34D, EV 104.4 MPH)
Devin Boyet to second
Runner from 2nd tries for 3rd, OUT! 9-5
Timmy Jerabek to second
Batting: RHB Kevin Williamson 0-0: Called Strike
0-1: Ball
1-1: Swinging Strike
1-2: Foul Ball, location: 2F
1-2: Ball
2-2: Foul Ball, location: 2F
2-2: Ball
3-2: Foul Ball, location: 2F
3-2: Base on Balls
Batting: RHB Kearney Gallegos 0-0: Ball
1-0: Ball
2-0: Fly out, F9 (Flyball, 9S, EV 91.2 MPH)
Top of the 12th over - 0 runs, 2 hits, 0 errors, 2 left on base; Oregon 7 - USC 7
BOTTOM OF THE 12TH
USC Trojans batting - Pitching for Oregon Ducks : RHP Bradley Mowrey
Pitching: RHP Derik Wu
Now at C: Gerald Cluck
Batting: RHB Brock Black 0-0: Ball
1-0: Ball
2-0: Called Strike
2-1: Ball
3-1: Base on Balls
Batting: LHB Simon Preston 0-0: Sac Bunt to 23 - play at second, runner safe!
Batting: RHB Micah Decker 0-0: Ball
1-0: Ball
2-0: Ball
3-0: Called Strike
3-1: Bunt missed!
3-2: Fly out, F8 (Flyball, 8RM, EV 94.4 MPH)
Batting: LHB Levi McMillan 0-0: Foul Ball, location: 2F
0-1: Called Strike
0-2: Fielders Choice at 2nd, 4-6 (Groundball, 4, EV 85.6 MPH)
Brock Black to third
Batting: SHB Markel Edwards 0-0: Foul Ball, location: 2F
0-1: Fielders Choice at 2nd, 5-4 (Groundball, 56, EV 84.4 MPH)
Bottom of the 12th over - 0 runs, 0 hits, 0 errors, 2 left on base; Oregon 7 - USC 7
TOP OF THE 13TH
Oregon Ducks batting - Pitching for USC Trojans : RHP Eli Neufeld
Batting: RHB Blake Bateman 0-0: Called Strike
0-1: Swinging Strike
0-2: Strikes out looking
Batting: LHB Blake Huber 0-0: Called Strike
0-1: Ball
1-1: Fly out, F8 (Flyball, 89M, EV 90.0 MPH)
Batting: RHB Mitch Kilpatrick 0-0: Ball
1-0: Ball
2-0: Ball
3-0: Base on Balls
Batting: SHB P.J. Morlock 0-0: Foul Ball, location: 2F
0-1: Swinging Strike
0-2: Foul Ball, location: 2F
0-2: Ball
1-2: Foul Ball, location: 2F
1-2: Fly out, F8 (Line Drive, 8LS, EV 91.9 MPH)
Top of the 13th over - 0 runs, 0 hits, 0 errors, 1 left on base; Oregon 7 - USC 7
BOTTOM OF THE 13TH
USC Trojans batting - Pitching for Oregon Ducks : RHP Derik Wu
Batting: RHB Devan Oakley 0-0: Called Strike
0-1: Ball
1-1: Ball
2-1: Fly out, F7 (Flyball, 7, EV 88.1 MPH)
Batting: LHB Nathaniel Lockman 0-0: Called Strike
0-1: Ball
1-1: Foul Ball, location: 2F
1-2: Foul Ball, location: 2F
1-2: SINGLE (Groundball, 56D, EV 95.6 MPH)
Batting: RHB Levi Lane 0-0: Ball
Nathaniel Lockman is caught stealing 2nd base 2-4
1-0: Called Strike
1-1: Ball
2-1: Ball
3-1: Reached on error, E1 (Groundball, 15S, EV 70.0 MPH)
Batting: SHB Nathaniel Hirsch 0-0: Intentional Walk
Pitching: RHP Joey Jerdon
Batting: RHB Brock Black 0-0: Ball
1-0: Swinging Strike
1-1: Foul Ball, location: 2F
1-2: Fly out, F9 (Flyball, 9D, EV 83.1 MPH)
Bottom of the 13th over - 0 runs, 1 hit, 1 error, 2 left on base; Oregon 7 - USC 7
TOP OF THE 14TH
Oregon Ducks batting - Pitching for USC Trojans : RHP Eli Neufeld
Batting: RHB Gerald Cluck 0-0: Ball
1-0: Fly out, F8 (Flyball, 8RD, EV 90.0 MPH)
Batting: RHB Devin Boyet 0-0: Called Strike
0-1: Called Strike
0-2: SINGLE (Groundball, 6, EV 107.5 MPH)
Batting: RHB Timmy Jerabek 0-0: Called Strike
Devin Boyet steals 2nd base
0-1: Ball
1-1: Ball
2-1: Swinging Strike
2-2: SINGLE (Line Drive, 4MD, EV 104.4 MPH)
Devin Boyet to third
Runner from 3rd tries for Home, SAFE, throw by CF to home
Batting: RHB Kevin Williamson 0-0: Called Strike
0-1: Foul Ball, location: 2F
0-2: Fly out, F7 (Line Drive, 7, EV 95.6 MPH)
Batting: RHB Kearney Gallegos 0-0: Ball
Timmy Jerabek steals 2nd base
1-0: Called Strike
1-1: Swinging Strike
1-2: Foul Ball, location: 2F
1-2: Foul Ball, location: 2F
1-2: Ball
2-2: Strikes out swinging
Top of the 14th over - 1 run, 2 hits, 0 errors, 1 left on base; Oregon 8 - USC 7
BOTTOM OF THE 14TH
USC Trojans batting - Pitching for Oregon Ducks : RHP Joey Jerdon
Batting: LHB Simon Preston 0-0: Ball
1-0: Called Strike
1-1: SINGLE (Groundball, 4MD, EV 99.4 MPH)
Batting: RHB Micah Decker 0-0: Sac Bunt - play at second, runner OUT -> throw to first, DP!
Batting: LHB Levi McMillan 0-0: Swinging Strike
0-1: Ball
1-1: Ball
2-1: Ball
3-1: Foul Ball, location: 2F
3-2: Foul Ball, location: 2F
3-2: Fly out, F7 (Line Drive, 78M, EV 104.4 MPH)
Bottom of the 14th over - 0 runs, 1 hit, 0 errors, 0 left on base; Oregon 8 - USC 7
Sunday, April 14th , 2024 - OOTP Baseball 23.10 Build 110